 Dungeon Crawl Stone Soup version 0.21.1-1-g345015f (webtiles) character file.

2124 iamserjio the Nimble (level 9, 0/63 HPs)
             Began as an Octopode Gladiator on Apr 9, 2018.
             Was an Initiate of Yredelemnul.
             Shot with an arrow by a centaur (11 damage)
             ... on level 7 of the Dungeon.
             The game lasted 00:45:00 (8382 turns).

iamserjio the Nimble (Octopode Gladiator)           Turns: 8382, Time: 00:45:00

Health: 0/63       AC:  1    Str: 15    XL:     9   Next: 29%
Magic:  9/9        EV: 20    Int: 11    God:    Yredelemnul [......]
Gold:   265        SH:  5    Dex: 16    Spells: 7/8 levels left

rFire    + . .     SeeInvis +   r - +0 falchion (distort)
rCold    . . .     Gourm    .   x - +0 buckler
rNeg     . . .     Faith    +   b - +0 hat
rPois    .         Spirit   .   G - amulet of faith
rElec    .         Reflect  .   j - ring of protection from fire
rCorr    .         Harm     .   I - +2 ring of strength
MR       +....                  y - ring of see invisible
Stlth    ++........             C - ring of protection from magic
HPRegen  0.20/turn              (no ring)
MPRegen  0.11/turn              (no ring)
                                (no ring)
                                (no ring)

@: no status effects
A: almost no armour, stealthy swim, amphibious, 8 rings, constrict 8, camouflage
1, gelatinous body 1
a: Renounce Religion


You were on level 7 of the Dungeon.
You worshipped Yredelemnul.
Yredelemnul was noncommittal.
You were near starving.

You visited 2 branches of the dungeon, and saw 8 of its levels.

You collected 265 gold pieces.

Inventory:

Hand Weapons
 a - a +0 long sword
 n - a +0 blowgun
 o - a +0 hunting sling
 r - a +0 falchion of distortion (weapon)
 D - a +2 quarterstaff of chaos
Missiles
 c - 3 throwing nets
 p - 3 tomahawks (quivered)
 v - 133 stones
 w - 78 sling bullets
 z - 2 curare-tipped needles
 J - 5 poisoned needles
Armour
 b - a +0 hat (worn)
 x - a +0 buckler (worn)
Jewellery
 j - a ring of protection from fire (left tentacle)
 y - a ring of see invisible (on tentacle)
 B - an uncursed amulet of guardian spirit
 C - a ring of protection from magic (on tentacle)
 G - an amulet of faith (around mantle)
 I - a +2 ring of strength (right tentacle)
Wands
 E - a wand of polymorph (13)
 M - a wand of disintegration (14)
Scrolls
 f - 3 scrolls of teleportation
 g - 4 scrolls of remove curse
 h - a scroll of magic mapping {unknown}
 k - 2 scrolls of enchant armour {unknown}
 q - 2 scrolls of enchant weapon {unknown}
 s - 7 scrolls of identify {unknown}
 A - a scroll of fog {unknown}
 H - a scroll of acquirement {unknown}
Potions
 e - 2 potions of brilliance {unknown}
 i - 2 potions of berserk rage {unknown}
 l - 2 potions of mutation {unknown}
 m - a potion of lignification {unknown}
 F - a potion of might {unknown}
 K - a potion of degeneration {unknown}
 L - a potion of heal wounds {unknown}
 N - a potion of flight {unknown}
Books
 t - a book of Changes

   Spells                             Type                      Level
   a - Beastly Appendage              Transmutation                1
   b - Sticks to Snakes               Transmutation                2
   c - Spider Form                    Transmutation/Poison         3
   d - Ice Form                       Ice/Transmutation            4
   e - Blade Hands                    Transmutation                5
Comestibles
 d - 14 rations


   Skills:
 * Level 6.9 Fighting
 + Level 3.0 Long Blades
 - Level 2.0 Throwing
 * Level 9.8 Dodging
 + Level 3.2 Shields
 + Level 0.3 Invocations


You had 7 spell levels left.
You knew the following spells:

 Your Spells              Type           Power        Failure   Level  Hunger
a - Beastly Appendage     Tmut           #.....       36%         1    ##.....


Dungeon Overview and Level Annotations

Branches:
Dungeon (7/15)             Temple (1/1) D:7

Altars:
Ashenzari
Cheibriados
Dithmenos
Elyvilon
Fedhas
Gozag
Hepliaklqana
Kikubaaqudgha
Makhleb
Nemelex Xobeh
Okawaru
Qazlal
Ru
Sif Muna
Trog
Uskayaw
Vehumet
Wu Jian
Xom
Yredelemnul
Zin
The Shining One

Annotations:
D:6 Terandir's ghost, novice DEEE


Innate Abilities, Weirdness & Mutations

You cannot wear most types of armour.
You are very stealthy in the water. (Stealth+)
You are amphibious.
You can wear up to eight rings at the same time.
You can use your tentacles to constrict eight enemies at once.
Your skin changes colour to match your surroundings (Stealth+).
Your rubbery body absorbs attacks. (AC +1, EV +1)


Message History

The ogre is almost dead.
The ogre hits you with a giant spiked club.
* * * LOW HITPOINT WARNING * * *
You barely miss the ogre.
The ogre is almost dead.
The ogre closely misses you.
You hit the ogre.
Space warps horribly around the ogre!
You kill the ogre!
Yredelemnul accepts your kill.
You see here a giant spiked club.
You start resting.
The centaur shoots an arrow.
The arrow hits you.
* * * LOW HITPOINT WARNING * * *
Okay, then.
The centaur shoots an arrow.
The arrow hits you!
* * * LOW HITPOINT WARNING * * *
You feel better.
The centaur shoots an arrow.
The arrow misses you.
The centaur shoots an arrow.
The arrow hits you!
You die...
Your body rises from the dead as a mindless zombie.

#.### #........#..#..
#.# #......###..#.##
#.# #.............. #.#
#####<.....##. #.# ###
#.....## #.####.##
#.###.#
#.......###.###.# .
#####.........#.###.##.
##.###....@(...... ###
#..#.#...#.#. #
#.....Z....# ###.##
#c#####..#... .)...y
#.#####..# .. #.#...y
#.(...c..# . .#..##
########...c.. ....#
...... #.#.# .... #.#.#


You could see a centaur and a worker ant zombie.

Vanquished Creatures
  Grinder (D:5)
  Sigmund (D:5)
  Eustachio (D:5)
  A sky beast (D:5)
  A phantom (D:4)
  An ogre (D:7)
  A centaur (D:7)
  2 bullfrogs
  A killer bee (D:6)
  2 scorpions
  2 howler monkeys (D:6)
  A bullfrog zombie (D:6)
  4 crimson imps
  A gnoll shaman (D:4)
  A hound (D:6)
  4 orc priests
  A centaur skeleton (D:4)
  4 orc wizards
  Crazy Yiuf (D:3)
  2 iguanas
  2 worker ants
  A hound zombie (D:5)
  9 adders
  6 gnolls
  2 shadow imps (D:6)
  An adder skeleton (D:4)
  2 adder zombies
  5 worms
  2 dart slugs
  8 leopard geckos
  18 orcs
  2 giant cockroaches (D:1)
  9 goblins
  9 hobgoblins
  9 jackals
  10 kobolds
  A quokka (D:4)
  3 ball pythons
  6 bats
  9 frilled lizards
  A leopard gecko zombie (D:5)
  A quokka skeleton (D:6)
  6 rats
155 creatures vanquished.

Notes
Turn   | Place    | Note
-------+----------+-------------------------------------------
     0 | D:1      | iamserjio the Octopode Gladiator began the quest for the Orb.
     0 | D:1      | Reached XP level 1. HP: 14/14 MP: 1/1
   236 | D:1      | Reached XP level 2. HP: 19/19 MP: 2/2
   653 | D:1      | Reached XP level 3. HP: 23/25 MP: 3/3
   933 | D:1      | Reached skill level 4 in Dodging
  1324 | D:2      | Reached XP level 4. HP: 23/30 MP: 4/4
  1691 | D:2      | Learned a level 1 spell: Beastly Appendage
  2207 | D:3      | Reached XP level 5. HP: 3/36 MP: 5/5
  2546 | D:3      | HP: 1/36 [poisoned by an adder]
  2888 | D:3      | Reached skill level 5 in Dodging
  3446 | D:3      | Found a runed door.
  3456 | D:3      | Noticed Crazy Yiuf
  3461 | D:3      | Killed Crazy Yiuf
  3461 | D:3      | Reached XP level 6. HP: 43/43 MP: 6/6
  3602 | D:4      | Noticed a phantom
  3628 | D:4      | Killed a phantom
  3628 | D:4      | Reached skill level 6 in Dodging
  3927 | D:3      | Reached XP level 7. HP: 3/49 MP: 7/7
  4594 | D:4      | Reached skill level 7 in Dodging
  4814 | D:4      | Reached skill level 5 in Fighting
  4917 | D:5      | Entered Level 5 of the Dungeon
  4960 | D:5      | Noticed Sigmund
  4982 | D:5      | Killed Sigmund
  4982 | D:5      | Reached XP level 8. HP: 55/55 MP: 8/8
  5226 | D:6      | Noticed Terandir's ghost (novice DEEE)
  5292 | D:6      | Reached skill level 8 in Dodging
  5673 | D:5      | Noticed Grinder
  5776 | D:5      | Paralysed by Grinder for 7 turns
  5995 | D:5      | Found a sparkling altar of Nemelex Xobeh.
  6123 | D:5      | Noticed Eustachio
  6130 | D:5      | Killed Eustachio
  6130 | D:5      | Reached skill level 1 in Shields
  6476 | D:5      | Paralysed by Grinder for 7 turns
  6491 | D:5      | Killed Grinder
  6491 | D:5      | Reached skill level 9 in Dodging
  7080 | D:6      | Reached XP level 9. HP: 54/63 MP: 7/9
  7654 | D:6      | Found a sparkling altar of Nemelex Xobeh.
  8137 | D:7      | Found a staircase to the Ecumenical Temple.
  8144 | Temple   | Entered the Ecumenical Temple
  8264 | Temple   | Became a worshipper of Yredelemnul the Dark
  8381 | D:7      | HP: 1/63 [centaur/arrow (16)]
  8382 | D:7      | Shot with an arrow by a centaur

Skill      XL: |  1  2  3  4  5  6  7  8  9 |
---------------+----------------------------+-----
Dodging        | 4 5 6 7 9 |  9.8
Fighting       | 3 4 5 6 |  6.9
Shields        | 2 3 |  3.2
Long Blades    | |  3.0
Throwing       | |  2.0
Invocations    | |  0.3

Action                   |  1- 3 |  4- 6 |  7- 9 || total
-------------------------+-------+-------+-------++-------
Melee: Long sword        |    53 |   132 |   157 ||   342
       Constrict         |    17 |    42 |    51 ||   110
       Tentacles         |     7 |    40 |    59 ||   106
       Falchion          |       |       |    17 ||    17
 Fire: Blowgun           |       |       |    11 ||    11
 Cast: Beastly Appendage |       |     1 |       ||     1
  Use: Potion            |       |     3 |     1 ||     4
       Scroll            |       |     2 |     3 ||     5
 Stab: Sleeping          |     5 |     4 |    10 ||    19
       Distracted        |       |     2 |       ||     2
  Eat: Chunk             |     1 |     8 |    13 ||    22
Armor: Skin              |     6 |     3 |     6 ||    15
Dodge: Dodged            |    42 |   113 |   157 ||   312
Block: Buckler           |       |       |    12 ||    12
       Rpst.: Long sword |    17 |    26 |    40 ||    83
       Falchion          |       |       |     3 ||     3
